Map: Berlingrad LE

Players

QangSOnGang

  • Race: Zerg Zerg
  • League: Silver

KillerAsian - Winner!

  • Race: Terran Terran
  • League: Silver

VOD

Have the link to the VOD?

Description

Time

  • Played on: March 15, 2022, 8:16 p.m.
  • Length: 74:52
Show
View Real Time Build Order
Export as new Build Order

QangSOnGang Zerg 

Build Orders: Pool First 

Get SALT Encoding   

  12  0:02  Drone  
  13  0:14  Overlord  
  13  0:23  Drone  
  14  0:55  Drone x3  
  17  1:05  Spawning Pool  
  17  1:08  Drone  
  17  1:22  Hatchery  
  17  1:24  Drone  
  17  1:25  Extractor  
  16  1:34  Drone  
  17  1:56  Zergling x4  
  17  1:58  Queen  
  21  2:05  Roach Warren  
  21  2:08  Drone  
  21  2:27  Drone  
  22  2:30  Overlord  
  22  2:45  Overlord  
  22  2:51  Roach x2  
  24  2:52  Roach  
  28  2:58  Overlord  
  28  3:07  Roach  
  28  3:08  Roach x2  
  34  3:16  Ravager  
  35  3:25  Roach  
  37  3:27  Drone x2  
  39  3:39  Roach, Drone  
  39  3:40  Drone x2  
  29  4:13  Queen  
  29  4:17  Drone x6  
  37  4:31  Roach x2  
  39  4:39  Roach x2  
  43  4:55  Drone  
  43  4:56  Overlord  
  44  5:10  Overlord  
  44  5:11  Overlord  
  44  5:16  Ravager  
  44  5:18  Roach x3, Overlord  
  44  5:19  Overlord  
  44  5:20  Drone  
  52  5:22  Overlord  
  52  5:33  Drone  
  52  5:34  Drone x2  
  55  5:43  Roach x2  
  55  5:44  Roach, Overlord  
  61  5:51  Hatchery  
  61  5:53  Drone x2  
  62  6:09  Extractor  
  61  6:12  Drone  
  61  6:13  Drone x4  
  61  6:14  Drone  
  67  6:22  Roach x3  
  67  6:23  Drone, Overlord  
  74  6:30  Drone  
  75  6:48  Evolution Chamber  
  75  6:51  Evolution Chamber  
  73  6:57  Zergling x12  
  73  6:58  Overlord  
  73  6:59  Drone  
  80  7:04  Overlord  
  80  7:09  Queen  
  80  7:13  Lair  
  82  7:20  Drone x5, Overlord  
  82  7:21  Drone, Overlord  
  88  7:43  Roach  
  106  7:44  Roach x8, Overlord  
  106  7:45  Overlord  
  106  7:51  Queen  
  106  7:53  Drone x3  
  106  7:54  Overlord  
  111  7:58  Extractor  
  111  8:03  Drone x3  
  111  8:04  Extractor  
  112  8:17  Hydralisk Den  
  111  8:20  Zerg Missile Weapons Level 1  
  111  8:27  Queen  
  111  8:29  Drone x4  
  111  8:30  Drone x4, Overlord  
  121  8:42  Ravager x3  
  121  8:47  Zergling x12  
  130  8:52  Hydralisk x2  
  130  8:54  Drone x3  
  137  9:04  Extractor  
  137  9:05  Extractor  
  100  9:40  Roach  
  100  9:41  Roach x8  
  101  9:58  Roach x3  
  93  10:17  Roach x3  
  93  10:18  Roach x3  
  105  10:33  Infestation Pit  
  104  10:50  Overseer  
  104  10:51  Overseer x4  
  104  10:55  Roach x6, Overlord  
  104  10:56  Roach x2, Overlord  
  122  10:57  Roach x2  
  124  11:07  Glial Reconstitution  
  124  11:10  Infestor x2  
  128  11:42  Zerg Missile Weapons Level 2  
  128  11:44  Zerg Ground Armor Level 1  
  128  11:48  Drone x6, Overlord  
  128  11:49  Drone x4, Overlord x2  
  128  11:50  Drone x3  
  141  11:54  Hive  
  142  12:01  Ravager x3  
  142  12:02  Ravager  
  145  12:21  Hatchery  
  144  12:25  Drone x6, Overlord  
  144  12:26  Drone x8  
  158  12:33  Infestor  
  160  12:56  Infestor  
  160  12:57  Infestor x3  
  168  12:59  Roach  
  168  13:00  Roach  
  168  13:01  Zergling x6  
  168  13:02  Zergling x4  
  177  13:15  Burrow  
  171  13:42  Zergling x2  
  171  13:43  Zergling x20, Overlord  
  171  13:44  Zergling x20  
  192  13:57  Zerg Ground Armor Level 2  
  192  14:05  Queen  
  194  14:21  Roach  
  194  14:28  Tunneling Claws  
  194  14:29  Zergling x2  
  194  14:30  Zergling x10  
  194  15:00  Roach x4, Overlord  
  188  15:25  Spire  
  161  15:55  Extractor  
  160  15:58  Roach x8  
  160  15:59  Roach x4  
  184  16:36  Viper  
  184  16:37  Viper  
  190  16:40  Viper  
  193  16:50  Mutalisk x3  
  199  17:14  Overlord  
  199  17:24  Grooved Spines  
  199  17:26  Zerg Missile Weapons Level 3  
  199  17:29  Zerg Ground Armor Level 3  
  158  18:26  Roach  
  158  18:27  Roach x26  
  126  18:28  Roach x7  
  174  18:34  Zergling x12  
  174  18:35  Zergling x38, Muscular Augments  
  199  18:42  Baneling Nest  
  198  18:53  Extractor  
  197  18:58  Queen  
  199  19:04  Roach  
  199  19:05  Greater Spire  
  199  19:09  Roach x5  
  199  19:41  Centrifugal Hooks  
  199  19:49  Baneling x4  
  199  19:50  Baneling x6  
  199  19:51  Baneling x17  
  199  19:52  Baneling x4  
  199  19:53  Baneling  
  199  19:57  Overlord  
  199  20:02  Zergling x2  
  200  20:29  Zerg Melee Weapons Level 1  
  200  20:36  Zerg Flyer Weapons Level 1  
  200  20:58  Hatchery  
  199  21:27  Zergling x2  
  191  21:56  Corruptor x4  
  185  22:25  Hydralisk x7  
  199  22:31  Zerg Flyer Armor Level 1  
  194  23:18  Corruptor  
  196  23:34  Hydralisk x8  
  192  23:42  Hydralisk x3  
  192  23:46  Ravager x4  
  170  24:10  Hydralisk  
  170  24:11  Hydralisk x14  
  170  24:12  Hydralisk  
  199  24:23  Spore Crawler  
  194  24:25  Corruptor x2  
  165  24:46  Corruptor x6, Overlord  
  165  24:47  Corruptor x3  
  158  25:39  Corruptor x12  
  175  25:59  Corruptor  
  175  26:00  Corruptor  
  175  26:11  Extractor  
  175  26:17  Extractor  
  165  26:34  Hatchery  
  162  26:49  Overlord  
  162  26:50  Overlord x24  
  162  26:51  Overlord x6  
  162  27:05  Queen  
  164  27:17  Brood Lord x3  
  164  27:18  Brood Lord  
  172  27:41  Queen  
  174  27:53  Zerg Flyer Weapons Level 2  
  174  28:06  Zergling x12  
  174  28:07  Zergling x38  
  197  29:36  Corruptor x5  
  190  30:02  Roach x5  
  198  30:17  Hatchery  
  197  30:50  Queen  
  199  31:14  Extractor  
  190  33:09  Pneumatized Carapace  
  190  33:26  Brood Lord x2  
  196  33:27  Brood Lord x2  
  196  33:28  Overlord  
  196  33:29  Zergling x2  
  199  33:39  Extractor  
  194  34:47  Corruptor x4  
  194  34:48  Corruptor  
  190  34:55  Hydralisk x11  
  190  34:56  Hydralisk  
  192  35:06  Corruptor x12  
  171  35:17  Corruptor  
  173  36:02  Corruptor x2  
  173  36:03  Zergling x2  
  173  36:04  Zergling x40  
  180  36:05  Zergling x2  
  187  36:48  Hydralisk x3  
  187  36:49  Hydralisk x3  
  197  36:55  Hydralisk  
  184  37:19  Corruptor  
  178  37:38  Drone x3, Overlord  
  178  37:39  Overlord  
  181  38:47  Hatchery  
  180  39:14  Roach x9  
  180  39:15  Roach  
  200  40:03  Overlord x7  
  200  40:31  Overlord  
  200  40:32  Overlord x10  
  175  42:30  Corruptor x12  
  191  43:57  Brood Lord  
  191  43:58  Brood Lord x3  
  199  44:43  Hatchery  
  162  45:07  Corruptor x3  
  162  45:08  Corruptor x11  
  187  45:16  Corruptor  
  187  45:17  Zergling x10  
  187  45:18  Zergling x12  
  197  47:21  Hatchery  
  196  47:34  Zerg Flyer Weapons Level 3  
  196  47:42  Extractor  
  195  47:46  Extractor  
  167  49:44  Brood Lord  
  167  49:45  Brood Lord  
  171  49:46  Brood Lord x2  
  175  50:03  Viper x2  
  175  50:04  Viper x2  
  187  50:10  Zerg Flyer Armor Level 2  
  187  50:46  Zerg Melee Weapons Level 2  
  180  52:20  Mutalisk x4  
  159  52:49  Corruptor  
  143  52:53  Roach x3  
  108  53:39  Corruptor x2  
  104  53:44  Drone x8  
  112  55:14  Overlord  
  112  55:15  Overlord  
  112  55:19  Zergling x4  
  114  55:49  Hatchery  
  112  56:21  Roach x7  
  112  56:22  Zergling x2, Roach x2  
  112  56:23  Zergling x8  
  135  57:06  Drone x10  
  135  57:07  Overlord  
  135  57:08  Zergling x8, Drone  
  136  57:39  Corruptor  
  136  57:40  Corruptor x4  
  146  57:45  Drone  
  146  57:46  Drone x2  
  149  57:59  Drone x2  
  149  58:00  Drone x7  
  156  58:40  Zergling x16  
  156  58:41  Zergling x38  
  179  58:43  Zergling x2  
  184  58:54  Overseer  
  184  58:55  Overseer  
  184  58:57  Hydralisk  
  184  58:58  Hydralisk x6  
  198  59:08  Extractor  
  194  59:15  Queen  
  196  59:27  Hydralisk  
  167  59:48  Hydralisk x16  
  199  59:54  Overseer  
  177  60:58  Corruptor x2  
  177  60:59  Corruptor x5  
  177  61:00  Roach x7  
  180  61:19  Hydralisk x3  
  180  61:20  Hydralisk x2  
  180  61:25  Extractor  
  189  61:33  Overseer  
  189  61:49  Drone x2, Overlord  
  189  61:50  Roach x2, Drone x4  
  198  63:10  Drone, Overlord  
  199  63:29  Overseer  
  199  63:30  Overseer  
  199  63:31  Overseer  
  199  63:49  Overseer  
  179  65:01  Hydralisk x8  
  179  65:02  Hydralisk x9  
  190  65:39  Zergling x2  
  190  65:40  Zergling x16  
  184  67:38  Zergling x30  
  175  68:43  Corruptor x3  
  181  68:51  Extractor  
  181  68:53  Extractor  
  179  69:08  Overseer  
  136  69:47  Zergling x42  
  136  69:48  Zergling x40  
  151  70:50  Zergling x34  
  151  70:51  Zergling x24  
  171  71:51  Overseer  
  171  72:00  Zergling x46  
  171  72:01  Zergling x10  
  199  72:21  Zergling x14  
  199  72:22  Zergling x8  
  170  73:51  Baneling x4  
  170  73:52  Baneling x5  
  170  73:53  Baneling x5  
  170  73:54  Baneling x4  
  170  73:55  Baneling x5  
  170  73:56  Baneling  
  170  73:58  Zergling x48  
  170  73:59  Zergling x12  
  156  74:33  Zergling x2  
  156  74:34  Zergling x14  
Show
View Real Time Build Order
Export as new Build Order

KillerAsian Terran - Winner!

Build Orders:  

Get SALT Encoding   

  12  0:01  SCV  
  13  0:27  Supply Depot  
  13  0:29  SCV  
  14  0:41  SCV  
  15  0:53  SCV, Barracks  
  16  1:03  Barracks  
  16  1:05  SCV, Refinery  
  17  1:35  Engineering Bay  
  17  1:40  Orbital Command  
  17  1:43  Marine  
  18  2:00  Marine  
  19  2:02  Engineering Bay  
  19  2:05  Supply Depot  
  19  2:12  Marine  
  20  2:29  Supply Depot  
  20  2:30  Marine  
  21  2:47  Marine  
  21  2:48  Marine  
  21  2:49  Bunker  
  23  3:05  Marine  
  24  3:06  Marine  
  24  3:10  Bunker  
  25  3:22  Marine  
  25  3:23  Marine  
  27  3:28  Refinery  
  27  3:36  Bunker  
  27  3:40  Marine  
  28  3:41  Bunker  
  28  3:49  Marine  
  29  3:58  Marine  
  30  4:07  Marine  
  31  4:16  Marine  
  32  4:25  Marine  
  33  4:34  Marine  
  33  4:36  SCV  
  35  4:38  Command Center  
  35  4:40  Neosteel Armor  
  35  4:43  Marine  
  36  4:48  Terran Infantry Weapons Level 1, SCV  
  36  4:51  Marine  
  38  5:00  SCV  
  38  5:02  Bunker  
  39  5:15  Supply Depot  
  39  5:36  Marine x2  
  39  5:37  SCV  
  39  5:41  Supply Depot  
  42  5:49  SCV  
  43  5:54  Marine x2  
  45  6:00  Missile Turret  
  45  6:12  Marine x2  
  45  6:15  Refinery  
  45  6:16  Supply Depot  
  48  6:23  Orbital Command  
  47  6:45  Supply Depot  
  47  6:53  Sensor Tower  
  47  7:09  Supply Depot  
  47  7:32  Factory  
  47  7:37  Marine  
  47  7:38  Marine  
  49  8:08  SCV  
  50  8:16  Factory  
  50  8:20  SCV  
  51  8:31  Bunker  
  51  8:32  SCV  
  51  8:44  SCV  
  52  8:50  Marine x2  
  54  8:56  SCV  
  55  9:08  Marine x2, SCV  
  55  9:09  Factory Tech Lab x2, Barracks  
  58  9:25  Marine x2  
  60  9:31  Missile Turret  
  59  9:43  Marine x2  
  61  10:13  Bunker  
  61  10:19  Sensor Tower  
  61  10:35  Siege Tank x2  
  67  10:47  Marine x2  
  69  10:59  Command Center  
  69  11:05  Marine x2  
  69  11:07  Siege Tank x2  
  69  11:10  Supply Depot  
  77  11:21  SCV  
  77  11:23  Marine  
  79  11:33  SCV  
  79  11:34  Supply Depot  
  79  11:39  Siege Tank x2  
  86  11:46  SCV  
  87  11:57  Supply Depot  
  87  11:58  SCV  
  88  12:11  Siege Tank x2  
  88  12:12  Command Center  
  94  12:16  Orbital Command  
  94  12:21  Supply Depot  
  94  12:44  Supply Depot  
  94  12:48  Starport  
  94  13:04  Missile Turret  
  94  13:07  Missile Turret  
  94  13:24  Command Center  
  94  13:25  Widow Mine x2, Starport  
  98  13:28  Missile Turret  
  98  13:46  Widow Mine  
  98  13:47  Widow Mine  
  102  13:48  Missile Turret  
  102  14:03  Starport  
  102  14:08  Widow Mine x2  
  102  14:09  Missile Turret  
  106  14:29  Widow Mine, Orbital Command  
  108  14:51  Orbital Command  
  108  14:53  Starport Tech Lab  
  108  14:54  Starport Tech Lab x2  
  108  15:01  SCV  
  108  15:07  Refinery  
  109  15:14  SCV  
  110  15:26  SCV  
  111  15:31  Marine  
  112  15:38  SCV  
  113  15:49  Marine  
  114  15:50  SCV  
  115  16:02  SCV  
  116  16:07  Marine  
  117  16:14  SCV  
  118  16:19  Armory  
  118  16:25  Marine, Orbital Command  
  119  16:26  SCV  
  120  17:06  Armory  
  120  17:10  Medivac x3  
  126  17:18  Widow Mine x2  
  130  17:28  SCV  
  131  17:40  SCV  
  132  17:52  SCV  
  133  18:04  SCV  
  134  18:07  Fusion Core  
  134  18:16  SCV  
  135  18:55  Widow Mine  
  137  19:08  Orbital Command  
  137  19:17  Widow Mine  
  139  19:27  Battlecruiser x3  
  157  19:35  Refinery  
  157  19:38  Refinery  
  157  19:45  Refinery  
  157  20:17  Widow Mine x2  
  161  20:31  Battlecruiser x3  
  179  20:48  Terran Vehicle Weapons Level 1  
  179  20:50  Terran Vehicle And Ship Armor Level 1  
  179  20:51  Weapon Refit  
  179  21:05  Supply Depot  
  179  21:26  Marine  
  179  21:27  Widow Mine x2  
  179  21:28  Supply Depot  
  179  21:31  SCV  
  185  21:44  Marine, Refinery  
  187  21:48  Widow Mine x2  
  187  21:50  Battlecruiser  
  188  22:17  Marine  
  188  22:18  Widow Mine  
  176  22:24  Battlecruiser  
  180  22:35  Marine  
  180  23:23  Marine  
  179  23:32  Battlecruiser  
  179  24:33  Battlecruiser  
  179  24:46  Battlecruiser x2  
  173  25:37  Battlecruiser  
  173  25:50  Battlecruiser x2  
  167  26:41  Battlecruiser  
  155  26:58  Orbital Command  
  155  27:16  Battlecruiser  
  161  27:34  Refinery  
  161  27:43  Missile Turret  
  161  28:13  Refinery  
  161  28:18  Missile Turret  
  161  28:27  Terran Vehicle Weapons Level 2  
  161  28:29  Terran Vehicle And Ship Armor Level 2  
  161  28:37  Missile Turret  
  161  28:55  Missile Turret  
  161  28:59  Marine x3  
  160  29:15  Missile Turret  
  160  29:16  Marine x2  
  160  29:17  Marine  
  160  29:34  Marine x3  
  155  29:52  Marine x2  
  157  30:53  Missile Turret  
  157  31:12  Missile Turret  
  157  31:16  Orbital Command  
  157  31:21  Battlecruiser  
  157  31:22  Battlecruiser  
  169  31:30  Missile Turret  
  169  31:49  Missile Turret  
  168  32:08  Missile Turret  
  168  32:26  Battlecruiser  
  174  32:43  Battlecruiser  
  178  33:24  Widow Mine  
  180  33:28  Viking  
  180  33:30  Battlecruiser  
  188  33:45  Widow Mine  
  188  33:47  Viking  
  192  34:07  Widow Mine  
  194  34:24  Viking  
  196  34:25  Viking  
  196  34:28  Widow Mine  
  192  35:04  Viking  
  134  37:45  Orbital Command  
  134  38:17  SCV  
  135  38:23  Refinery x2  
  135  38:29  SCV  
  136  38:41  SCV  
  137  38:53  SCV  
  138  39:00  Marine  
  138  39:01  Marine  
  140  39:05  SCV  
  141  39:18  Marine x2  
  143  39:36  Marine x2  
  145  39:54  Marine x2  
  145  39:55  Widow Mine  
  149  40:11  Marine  
  149  40:12  Marine  
  151  40:16  Widow Mine, Marine  
  154  40:28  Terran Infantry Weapons Level 2  
  154  40:29  Marine  
  154  40:30  Terran Infantry Armor Level 1  
  154  40:34  Marine  
  156  40:38  Widow Mine, Marine  
  159  40:47  Marine  
  160  40:51  Marine  
  160  40:56  Marine  
  162  40:59  Widow Mine  
  162  41:05  Marine  
  162  41:09  Marine  
  164  41:14  Marine  
  165  41:21  Widow Mine  
  165  41:23  Marine  
  168  41:27  Marine  
  168  41:32  Marine  
  170  41:40  Marine  
  170  41:42  Widow Mine  
  170  41:45  Marine  
  174  41:49  Marine  
  174  41:52  Viking  
  174  41:53  Viking x2  
  181  42:03  Widow Mine  
  183  42:22  Viking  
  185  42:23  Viking  
  185  42:24  Hi-Sec Auto Tracking  
  185  42:25  Widow Mine  
  189  43:05  Orbital Command  
  189  43:19  Marine  
  190  43:48  Marine x2  
  190  43:49  Widow Mine  
  194  44:06  Marine x2  
  196  44:10  Widow Mine  
  198  44:24  Marine x2  
  196  45:14  Siege Tank  
  191  47:30  Widow Mine  
  193  47:40  Command Center  
  193  47:51  Widow Mine  
  193  47:52  Marine  
  193  47:53  Marine  
  197  48:10  Marine x2  
  199  48:51  Marine  
  200  49:00  Missile Turret  
  200  49:19  Missile Turret  
  198  49:30  Marine  
  198  49:31  Marine  
  168  49:42  Missile Turret  
  168  49:48  Marine  
  168  49:49  Marine  
  170  50:03  Missile Turret  
  170  50:06  Marine x2  
  172  50:19  Terran Infantry Weapons Level 3  
  172  50:21  Terran Vehicle Weapons Level 3  
  172  50:22  Missile Turret  
  172  50:24  Marine x2  
  172  50:26  Rapid Reignition System  
  168  50:42  Marine x2, Missile Turret  
  170  50:44  Orbital Command  
  170  50:55  Widow Mine  
  172  50:59  Marine  
  172  51:00  Marine  
  174  51:16  Widow Mine  
  176  51:37  Widow Mine  
  178  51:59  Widow Mine  
  180  52:12  Medivac  
  181  52:20  Widow Mine  
  154  52:56  Terran Infantry Armor Level 2  
  152  52:58  Terran Vehicle And Ship Armor Level 3  
  142  53:26  Marine x2  
  137  53:38  Widow Mine  
  139  53:43  Marine  
  139  53:44  Marine  
  141  53:59  Widow Mine  
  141  54:01  Marine  
  141  54:02  Marine  
  145  54:19  Marine x2  
  145  54:21  Widow Mine  
  149  54:37  Marine x2  
  151  54:42  Widow Mine  
  153  54:47  Orbital Command  
  153  54:55  Marine x2  
  155  55:03  Widow Mine  
  157  55:13  Marine x2  
  159  55:25  Widow Mine  
  161  55:30  Marine  
  161  55:31  Marine  
  163  55:36  Terran Ship Weapons Level 1  
  163  55:46  Widow Mine  
  163  55:48  Marine x2  
  167  56:06  Marine x2  
  167  56:07  Widow Mine  
  171  56:29  Widow Mine  
  173  56:48  Orbital Command  
  173  57:07  Widow Mine  
  175  57:11  Refinery  
  175  57:12  Medivac  
  175  57:13  Refinery  
  175  57:14  Medivac  
  179  57:28  Widow Mine  
  181  57:45  Missile Turret  
  181  57:50  Widow Mine  
  183  58:04  Missile Turret  
  183  58:11  Widow Mine  
  185  58:24  Missile Turret  
  185  58:32  Widow Mine  
  187  58:44  Marine  
  187  58:45  Marine  
  187  58:46  Missile Turret  
  189  58:54  Widow Mine  
  191  59:02  Marine x2  
  192  59:06  Missile Turret  
  193  59:15  Widow Mine  
  195  59:20  Marine  
  196  59:24  Missile Turret  
  196  59:33  Terran Ship Weapons Level 2  
  196  59:36  Terran Infantry Armor Level 3  
  196  59:37  Widow Mine  
  192  59:58  Widow Mine  
  194  60:00  Missile Turret  
  194  60:09  Missile Turret  
  194  60:41  Widow Mine  
  190  61:02  Widow Mine  
  192  61:10  Missile Turret  
  192  61:24  Widow Mine  
  194  61:45  Widow Mine  
  196  62:06  Widow Mine  
  198  63:22  Missile Turret  
  198  63:30  Widow Mine  
  200  63:46  Starport Tech Lab  
  200  63:48  Starport Tech Lab  
  200  63:49  Starport Tech Lab  
  192  64:23  Missile Turret  
  184  64:33  Widow Mine  
  184  64:50  Missile Turret  
  184  64:55  Widow Mine  
  160  65:16  Widow Mine  
  162  65:37  Widow Mine  
  164  65:59  Widow Mine  
  165  66:20  Siege Tank  
  168  66:52  Siege Tank  
  171  67:24  Siege Tank  
  174  67:56  Siege Tank  
  177  68:28  Siege Tank  
  177  68:32  Command Center  
  166  70:20  Bunker  
  166  70:37  Widow Mine  
  168  70:51  Bunker, Viking x2  
  168  70:52  Viking  
  174  70:58  Widow Mine  
  176  71:09  Marine x3  
  179  71:19  Widow Mine  
  179  71:21  Viking x2  
  179  71:22  Viking  
  187  71:27  Marine  
  188  71:41  Widow Mine  
  190  71:51  Viking x2  
  194  72:02  Widow Mine  
  182  73:28  Orbital Command  
  180  73:51  Widow Mine  
  182  74:12  Widow Mine  
  182  74:14  Bunker  
  184  74:28  Ghost Academy  
Tags
 
Add a new tag
Caveats
  • Supply blocks, unpowered buildings, or Contaminate may cause inaccurate times.
  • Supply counts are checked every 10 seconds.